 Seeded DCSS version 0.29-a0-559-g359e09b9d1 (webtiles) character file.

Game seed: 31415926535 (custom seed)

32 donath the Sneak (level 3, -2/29 HPs)
             Began as a Demonspawn Delver on June 10, 2022.
             Killed from afar by an orc wizard (6 damage)
             ... with a puff of flame
             ... on level 5 of the Dungeon.
             The game lasted 00:09:13 (476 turns).

donath the Sneak (Demonspawn Delver)                 Turns: 476, Time: 00:09:13

Health: -2/29      AC:  3    Str: 12    XL:     3   Next: 10%
Magic:  3/3        EV: 13    Int: 13    God:
Gold:   56         SH:  0    Dex: 14    Spells: 2/2 levels left

rFire   . . .      SeeInvis .   a - +0 hand axe
rCold   . . .      Faith    .   (no shield)
rNeg    . . .      Spirit   .   b - +0 leather armour
rPois   .          Reflect  .   (helmet restricted)
rElec   .          Harm     .   (no cloak)
rCorr   .          Rampage  .   (no gloves)
Will    .....                   (no boots)
Stlth   +.........              (no amulet)
HPRegen 0.09/turn               (no ring)
MPRegen 0.08/turn               (no ring)

@: confused
A: antennae 1, repulsion field 1
a: no special abilities


You were on level 5 of the Dungeon.
You visited 1 branch of the dungeon, and saw 3 of its levels.

You collected 56 gold pieces.

Inventory:

Hand Weapons
 a - a +0 hand axe (weapon)
Missiles
 m - 19 stones (quivered)
Armour
 b - a +0 leather armour (worn)
Wands
 g - a wand of digging (3)
 k - a wand of charming (7)
Scrolls
 c - a scroll of fog
 d - a scroll of magic mapping
 e - a scroll of fear
 h - a scroll of teleportation {unknown}
 j - a scroll of enchant armour {unknown}
 l - a scroll of acquirement {unknown}
 q - a scroll of poison {unknown}
Potions
 f - a potion of haste
 i - a potion of lignification {unknown}
 n - a potion of ambrosia {unknown}
 p - a potion of attraction {unknown}


   Skills:
 - Level 3.0 Fighting
 * Level 3.1 Axes
 + Level 0.4 Throwing
 - Level 1.7 Dodging
 - Level 4.5 Stealth


You had 2 spell levels left.
You didn't know any spells.
Your spell library contained the following spells:

 Spells                   Type           Power      Damage    Failure   Level
 Magic Dart               Conj           0%         1d3       36%         1
 Call Imp                 Summ           0%         N/A       52%         2
 Mephitic Cloud           Conj/Pois/Air  0%         N/A       75%         3
 Petrify                  Tmut/Erth      0%         N/A       98%         4
 Metabolic Englaciation   Hex/Ice        0%         N/A       100%        5
 Statue Form              Tmut/Erth      0%         N/A       100%        6


Dungeon Overview and Level Annotations

Branches:
Dungeon (7/15)
 Temple: D:4-7

Altars:

Shops:
D:6 *[


Innate Abilities, Weirdness & Mutations

You have a pair of small antennae on your head.
You are surrounded by a mild repulsion field. (EV +2)


Message History

Your black bear bites something.
Your black bear barely misses something.
Your black bear closely misses something.
Something hits you.
* * * LOW HITPOINT WARNING * * *
Something hits you but does no damage.
Your black bear closely misses something.
Your black bear misses something.
Your black bear barely misses something.
You miss something. x2
Your black bear barely misses something.
Your black bear claws something.
Reactivating autopickup.
You feel a bit more experienced. Something hits you.
* * * LOW HITPOINT WARNING * * *
Deactivating autopickup; reactivate with Ctrl-A.
Your Axes skill increases to level 3!
You have reached level 3!
Your experience leads to an increase in your attributes!
Increase (S)trength, (I)ntelligence, or (D)exterity?
You feel clever. x2; Your demonic ancestry asserts itself...
A pair of antennae grows on your head!
Okay, then.
Okay, then.
You miss something. Something barely misses you.
You hear some strange, mumbled words.
You are confused.
Unknown command.
You are too confused!
Okay, then.
Are you sure you want to stumble around while confused and next to your black bear?
Okay, then.
Are you sure you want to stumble around while confused and next to your black bear?
Okay, then.
You throw a curare-tipped dart.
The curare-tipped dart completely misses your black bear.
You hear some strange, mumbled words.
A puff of flame appears from out of thin air!
The puff of flame hits you.
You die...

##### .(..# ...[# ....#
....# ######## ....###
########......####)......
.................{.......
.....<..........@h.....(.
########......#####(.....
#..)...# ...... #......#
...?. ##..#### /.... ##..
.... #.#. .###


You could see a friendly black bear (charmed, berserk).

Vanquished Creatures
  A dart slug (D:5)
1 creature vanquished.

Vanquished Creatures (collateral kills)
  An orc wizard (D:5)
  A worm (D:5)
  An orc (D:5)
3 creatures vanquished.

Grand Total: 4 creatures vanquished

Notes
Turn   | Place    | Note
-------+----------+-------------------------------------------
     0 | D:5      | donath the Demonspawn Delver began the quest for the Orb.
     0 | D:5      | Reached XP level 1. HP: 18/18 MP: 1/1
    14 | D:5      | Noticed a phantom
    14 | D:5      | Noticed a jelly
    63 | D:6      | Found Enwituta's Antique Armour Boutique.
   121 | D:7      | Noticed a bullfrog
   220 | D:6      | Found Pockia's Assorted Antiques.
   450 | D:5      | Noticed an orc wizard
   450 | D:5      | Noticed an orc wizard
   450 | D:5      | Noticed a black bear
   472 | D:5      | Gained mutation: You are surrounded by a mild repulsion
                  | field. (EV +2) [demonic ancestry]
   472 | D:5      | Reached XP level 2. HP: 8/24 MP: 2/2
   475 | D:5      | Gained mutation: You have a pair of small antennae on your
                  | head. [demonic ancestry]
   475 | D:5      | Reached XP level 3. HP: 4/29 MP: 3/3
   476 | D:5      | Killed from afar by an orc wizard

Illustrated notes

Levels and vault maps discovered:
D:5:      minmay_angry_zag, layout_basic, xom_teletrap_fun, okawaru_trees_2
D:6:      layout_gridville, nicolae_hepliaklqana_monster_ancestors,
          nicolae_uskayaw_murder_on_the_dancefloor, serial_shops, shop, shop,
          nicolae_shop_overgrown_old_shop, nicolae_shop_hallway_plus,
          nicolae_shop_hallway_stairs
D:7:      layout_rooms, temple_fountains

Skill      XL: |  1  2 |
---------------+-------+-----
Axes           | 2 3 |  3.1
Fighting       | |  3.0
Throwing       | |  0.4
Dodging        | |  1.7
Stealth        | |  4.5

Action                   || total
-------------------------++-------
Melee: Hand axe          ||     7
Throw: Stone             ||     5
       Dart              ||     2
Evoke: Wand              ||     1
Armor: Leather armour    ||     3
Dodge: Dodged            ||     3

Table legend: (Time is in decaauts)
 A = Elapsed time spent in this place.
 B = Non-inter-level travel time spent in this place.
 C = Inter-level travel time spent in this place.
 D = Time resting spent in this place.
 E = Time spent auto-exploring this place.
 F = Levels seen in this place.
 G = Mean time per level.
                   A        B        C        D        E       F      G
               +--------+--------+--------+--------+--------+-----+--------+
         Total |    478 |    478 |      0 |      0 |      0 |   3 |  159.3 |
       Dungeon |    478 |    478 |      0 |      0 |      0 |   3 |  159.3 |
               +--------+--------+--------+--------+--------+-----+--------+

Top non-repeatable levels by time:
     D:6: 291 daAuts
     D:5: 185 daAuts
     D:7: 1 daAuts
